 Dungeon Crawl Stone Soup version 0.23-a0-94-g44dc95e (webtiles) character file.

2322 mhoghedin the Nimble (level 9, 0/56 HPs)
             Began as a Kobold Conjurer on Aug 15, 2018.
             Was a Believer of Cheibriados.
             Killed by divine providence
             ... invoked by an orc priest
              (10 damage)
             ... on level 7 of the Dungeon on Aug 16, 2018.
             The game lasted 00:14:59 (8019 turns).

mhoghedin the Nimble (Kobold Conjurer)              Turns: 8019, Time: 00:15:00

Health: 0/56       AC:  9    Str: 11    XL:     9   Next: 69%
Magic:  1/13       EV: 29    Int: 25    God:    Cheibriados [**....]
Gold:   469        SH:  0    Dex: 27    Spells: 8/13 levels left

rFire    + . .     SeeInvis .   p - +3 whip (elec)
rCold    + . .     Gourm    .   (shield restricted)
rNeg     + . .     Faith    +   a - +0 robe
rPois    +         Spirit   .   (no helmet)
rElec    +         Reflect  .   b - +2 cloak
rCorr    +         Harm     .   k - +0 pair of gloves
MR       .....                  s - +2 pair of boots
Stlth    ++++......             r - amulet of faith {Faith, !P}
HPRegen  0.18/turn              z - ring of positive energy {rN+}
MPRegen  0.13/turn              w - ring of poison resistance {rPois, !d}

@: agile, resistant, very slow
A: small, carnivore
a: Bend Time, Renounce Religion


You were on level 7 of the Dungeon.
You worshipped Cheibriados.
Cheibriados was pleased with you.
You were very full.

You visited 2 branches of the dungeon, and saw 8 of its levels.

You collected 469 gold pieces.

Inventory:

Hand Weapons
 p - a +3 whip of electrocution (weapon)
   (You found it on level 1 of the Dungeon)
 y - the +0 trident "Sihuc" {pierce, MR+}
   (You found it on level 6 of the Dungeon)

   It inflicts extra damage upon your enemies.
   It affects your resistance to hostile enchantments.
Missiles
 m - a throwing net {=f, !d}
Armour
 a - a +0 robe (worn)
 b - a +2 cloak (worn)
   (You took it off Crazy Yiuf on level 2 of the Dungeon)
 k - a +0 pair of gloves (worn)
   (You found it on level 1 of the Dungeon)
 s - a +2 pair of boots (worn)
   (You found it on level 2 of the Dungeon)
Jewellery
 j - an uncursed ring of protection from cold {rC+, !d}
   (You found it on level 1 of the Dungeon)
 r - an amulet of faith (around neck) {Faith, !P}
   (You found it on level 2 of the Dungeon)
 t - an uncursed amulet of guardian spirit {Spirit}
   (You took it off an orc wizard on level 3 of the Dungeon)
 w - a ring of poison resistance (right hand) {rPois, !d}
   (You found it on level 5 of the Dungeon)
 z - a ring of positive energy (left hand) {rN+}
   (You found it on level 6 of the Dungeon)
 E - an uncursed ring of resist corrosion {unknown}
   (You found it on level 6 of the Dungeon)
 F - an uncursed ring of magical power {unknown}
   (You found it on level 6 of the Dungeon)
Wands
 C - a wand of paralysis (6)
   (You found it on level 6 of the Dungeon)
Scrolls
 d - 5 scrolls of teleportation
 h - a scroll of amnesia
 l - 3 scrolls of magic mapping {!r}
 q - 2 scrolls of remove curse
 u - 3 scrolls of identify
Potions
 e - a potion of lignification {unknown}
 i - a potion of magic {unknown}
 n - 2 potions of might {unknown}
 o - 2 potions of resistance
 v - a potion of haste {unknown}
 x - a potion of mutation {unknown}
Comestibles
 c - 13 rations


   Skills:
 - Level 6.9 Fighting
 - Level 5.7 Maces & Flails
 - Level 8.0 Dodging
 - Level 2.6 Stealth
 - Level 2.9 Spellcasting
 + Level 5.3 Conjurations
 + Level 2.6 Hexes
 + Level 1.3 Invocations


You had 8 spell levels left.
You knew the following spells:

 Your Spells              Type           Power        Failure   Level  Hunger
b - Searing Ray           Conj           ####..       1%          2    ##.....
c - Dazzling Spray        Conj/Hex       ###...       6%          3    ###....

Your spell library contained the following spells:

 Spells                   Type           Power        Failure   Level  Hunger
 Magic Dart               Conj           ####         1%          1    None
 Iskenderun's Mystic Bla  Conj           ####....     12%         4    ####...
 Fulminant Prism          Conj/Hex       ###.......   21%         4    ####...
 Force Lance              Conj/Tloc      ###.....     34%         4    ####...


Dungeon Overview and Level Annotations

Branches:
Dungeon (7/15)             Temple (1/1) D:5

Altars:
Ashenzari
Cheibriados
Elyvilon
Fedhas
Gozag
Hepliaklqana
Kikubaaqudgha
Makhleb
Nemelex Xobeh
Okawaru
Qazlal
Ru
Sif Muna
Trog
Uskayaw
Vehumet
Wu Jian
Xom
Yredelemnul
Zin
The Shining One

Shops:
D:7 ?


Innate Abilities, Weirdness & Mutations

You are small and have problems with some larger weapons.
You are carnivorous and can eat meat at any time.


Message History

The tomahawk barely misses you.
You see here a tomahawk.
Aim: an orc warrior, wielding a dire flail and wearing a plate armour (lightly wounded, chance to defeat MR: 46%)
The orc warrior resists with some effort.
The orc warrior throws a tomahawk.
The tomahawk completely misses you.
Aim: an orc warrior, wielding a dire flail and wearing a plate armour (lightly wounded, chance to defeat MR: 46%)
The orc warrior suddenly stops moving!
MP restored: 13
Aim: an orc warrior, wielding a dire flail and wearing a plate armour (lightly wounded)
The searing ray hits the orc warrior. (Press . to maintain the ray.)
The orc warrior completely misses you.
You now have 11/13 mp.
The searing ray misses the orc warrior. x2
The searing ray misses the orc wizard.
The orc warrior hits you with a dire flail!
* * * LOW HITPOINT WARNING * * *
The orc shouts!
You take 16 damage, and have 14/56 hp.
MASSIVE DAMAGE!!
You now have 10/13 mp.
Aim: an orc warrior, wielding a dire flail and wearing a plate armour (lightly wounded)
The spray of energy hits the orc warrior.
The orc warrior is dazzled.
The orc warrior shouts!
The orc warrior closely misses you.
You hear a shout!
You now have 7/13 mp.
You feel protected.
It was a potion of agility.
You feel agile all of a sudden. The orc warrior completely misses you.
It was a potion of heal wounds.
You feel much better.
The orc warrior is no longer blind.
The orc warrior closely misses you.
You regained 27 hp, and now have 41/56 hp.
Okay, then.
Unknown command.
Aim: an orc warrior, wielding a dire flail and wearing a plate armour (lightly wounded)
The spray of energy hits the orc warrior.
The orc warrior is dazzled.
You now have 4/13 mp.
You strike the helpless orc warrior from behind!
You hit the orc warrior but do no damage.
Lightning courses through the orc warrior!
The orc warrior closely misses you.
You catch the helpless orc warrior completely off-guard!
You hit the orc warrior but do no damage.
The orc warrior misses you.
You catch the helpless orc warrior completely off-guard!
You hit the orc warrior. The orc warrior completely misses you.
You strike the helpless orc warrior from behind!
You hit the orc warrior but do no damage.
Lightning courses through the orc warrior!
You kill the orc warrior!
Cheibriados appreciates the change of pace.
Unknown command.
Aim: an orc warrior, wielding a war axe and wearing a chain mail The spray of energy hits the orc warrior.
The orc warrior misses you.
You now have 2/13 mp.
You hit the orc warrior.
The orc wizard gestures wildly while chanting.
The orc wizard flickers and vanishes!
Deactivating autopickup; reactivate with Ctrl-A.
The orc warrior completely misses you.
Aim: an orc warrior, wielding a war axe and wearing a chain mail (lightly wounded)
The searing ray misses the orc warrior.
The searing ray hits the orc. (Press . to maintain the ray.)
You now have 0/13 mp.
Without enough magic to sustain it, your searing ray dissipates.
The orc drinks a potion.
The orc is healed!
The orc warrior hits you with a war axe!!
The orc priest calls upon Beogh to heal the orc.
The orc's wounds heal themselves!
All of the chunks of flesh in your inventory have rotted away.
You take 19 damage, and have 24/56 hp.
MASSIVE DAMAGE!!
The orc warrior completely misses you.
You hit the orc warrior.
Lightning courses through the orc warrior!
The orc warrior completely misses you.
You hit the orc warrior. You hit the orc warrior.
The orc warrior closely misses you.
You completely miss the orc warrior.
The orc priest invokes the aid of Beogh against you.
Beogh smites you!
* * * LOW HITPOINT WARNING * * *
The orc warrior misses you.
You take 15 damage, and have 10/56 hp.
MASSIVE DAMAGE!!
You hit the orc warrior.
You hit the orc warrior but do no damage.
Lightning courses through the orc warrior!
You kill the orc warrior!
Cheibriados thoroughly appreciates the change of pace.
Your Invocations skill increases to level 1!
The orc priest calls down the wrath of Beogh upon you.
Beogh smites you!
You die...

#.#.##......#
.##
#.......###.#
..#
####..#...#.#
#.# #..###...###
# #.#
##.####.o..#
#.###.# #..#
##o#.###
#.....##o #
###..####.#...#
#.)..o #
#......##)###o##
##o##o #
##.####.##@#
#.o#######(# #
#..# #....#
##.o....##o# ##
##.## ####.#
######.(..#
.#####..# #.#
####.# ........#
### #..#
........# ##..#
........# #.#
......<.# .#
######### ##


You could see an orc priest and an orc.

Vanquished Creatures
  A spriggan (D:7)
  Edmund (D:4)
  3 orc warriors (D:7)
  A black bear (D:7)
  A sky beast (D:6)
  2 ogres (D:5)
  A centaur (D:5)
  2 gnoll sergeants
  2 bullfrogs (D:6)
  A howler monkey (D:5)
  A crimson imp (D:6)
  A quasit (D:6)
  A centaur skeleton (D:5)
  3 orc priests
  Crazy Yiuf (D:2)
  2 bullfrog skeletons (D:6)
  2 hounds
  A jelly (D:7)
  5 orc wizards
  6 worker ants
  A mummy (D:5)
  19 gnolls
  6 adders
  A shadow imp (D:5)
  An ooze (D:3)
  A worm (D:2)
  3 dart slugs
  35 orcs
  3 giant cockroaches
  8 goblins
  13 hobgoblins
  2 jackals (D:7)
  3 ball pythons
  6 bats
  5 frilled lizards
  A jackal zombie (D:5)
  6 kobolds
  A leopard gecko skeleton (D:4)
  5 rats
158 creatures vanquished.

Notes
Turn   | Place    | Note
-------+----------+-------------------------------------------
     0 | D:1      | mhoghedin the Kobold Conjurer began the quest for the Orb.
     0 | D:1      | Reached XP level 1. HP: 10/10 MP: 3/3
   171 | D:1      | Reached XP level 2. HP: 15/15 MP: 3/5
   180 | D:1      | Learned a level 2 spell: Searing Ray
   824 | D:1      | Reached XP level 3. HP: 16/19 MP: 7/7
  1289 | D:2      | Found a sacrificial altar of Ru.
  1291 | D:2      | Found a glowing golden altar of the Shining One.
  1532 | D:2      | Reached skill level 1 in Fighting
  1673 | D:2      | Reached XP level 4. HP: 25/25 MP: 8/8
  1678 | D:2      | Learned a level 3 spell: Dazzling Spray
  1946 | D:2      | Found a runed door.
  2022 | D:2      | Reached skill level 1 in Maces & Flails
  2022 | D:2      | Reached skill level 3 in Dodging
  2317 | D:2      | Noticed Crazy Yiuf
  2322 | D:2      | Killed Crazy Yiuf
  2322 | D:2      | Reached XP level 5. HP: 25/30 MP: 3/9
  2564 | D:3      | Reached skill level 2 in Fighting
  2845 | D:3      | Reached skill level 2 in Maces & Flails
  2974 | D:3      | Reached skill level 4 in Dodging
  2974 | D:3      | Reached XP level 6. HP: 36/36 MP: 3/10
  3135 | D:3      | Found a sparkling altar of Nemelex Xobeh.
  3487 | D:4      | Reached skill level 3 in Fighting
  3503 | D:4      | Upgraded the game from 0.23-a0-87-g5f73bc1 to 0.23-a0-94-g44dc95e
  3793 | D:4      | Noticed Edmund
  4023 | D:4      | Found a white marble altar of Elyvilon.
  4095 | D:4      | Found a white marble altar of Elyvilon.
  4237 | D:4      | Found an ancient bone altar of Kikubaaqudgha.
  4237 | D:4      | Found a shadowy altar of Dithmenos.
  4239 | D:4      | Found a basalt altar of Yredelemnul.
  4239 | D:4      | Found a shimmering altar of Xom.
  4239 | D:4      | Found a deep blue altar of Sif Muna.
  4263 | D:4      | Killed Edmund
  4263 | D:4      | Reached skill level 3 in Maces & Flails
  4263 | D:4      | Reached XP level 7. HP: 29/41 MP: 2/11
  4745 | D:5      | Entered Level 5 of the Dungeon
  4747 | D:5      | Found a staircase to the Ecumenical Temple.
  4760 | Temple   | Entered the Ecumenical Temple
  4848 | D:5      | Reached skill level 5 in Dodging
  4873 | D:5      | Reached skill level 4 in Fighting
  4932 | D:5      | Found an ornate altar of the Wu Jian Council.
  4971 | D:5      | Found a snail-covered altar of Cheibriados.
  5168 | D:5      | Reached XP level 8. HP: 34/48 MP: 8/12
  5191 | D:5      | Became a worshipper of Cheibriados the Contemplative
  5257 | D:5      | Found a radiant altar of Vehumet.
  5268 | D:5      | Reached skill level 6 in Dodging
  5293 | D:5      | Reached skill level 4 in Maces & Flails
  5456 | D:5      | Reached skill level 5 in Fighting
  6007 | D:6      | Got a shimmering trident
  6008 | D:6      | Identified the cursed +0 trident "Sihuc" {pierce, MR+} (You found it on level 6 of the Dungeon)
  6014 | D:6      | Found a deep blue altar of Sif Muna.
  6172 | D:6      | Reached * piety under Cheibriados
  6263 | D:6      | Reached skill level 7 in Dodging
  6661 | D:6      | Reached skill level 6 in Fighting
  6956 | D:6      | Reached skill level 5 in Maces & Flails
  6980 | D:6      | Reached XP level 9. HP: 29/55 MP: 9/13
  7176 | D:6      | Reached ** piety under Cheibriados
  7554 | D:7      | Reached skill level 8 in Dodging
  7575 | D:7      | HP: 13/56 [gnoll/spear (7)]
  7802 | D:7      | Reached skill level 1 in Hexes
  7841 | D:7      | Reached skill level 5 in Conjurations
  7841 | D:7      | Reached skill level 2 in Hexes
  7866 | D:7      | Found Lapruj's Magic Scroll Boutique.
  7899 | D:7      | Found a glowing silver altar of Zin.
  7999 | D:7      | HP: 14/56 [orc warrior/dire flail (16)]
  8017 | D:7      | HP: 10/56 [orc priest/divine providence (15)]
  8019 | D:7      | Reached skill level 1 in Invocations
  8019 | D:7      | Killed from afar by an orc priest

Vault maps used:
D:1:      eino_arrival_cavern_d
D:2:      grunt_temple_overflow_open, hangedman_feature_mirror,
          minmay_misc_feat_rugged, corexii_shack, uniq_crazy_yiuf_cottage
D:3:      overflow_temple_1_default
D:4:      elyvilon_altar_1, doesnt_xom_only_xom, first_ration, uniq_edmund
D:5:      vehumet_crystals, slow_altar_1, lemuel_crystal_altar,
          minmay_temple_entry_large_hall, serial_glass, glass_columns_b,
          glass_columns_b, glass_columns_a, dk_rats_in_the_wall
D:6:      nicolae_overflow_crystal_walls, minivault_10
D:7:      lemuel_crystal_altar, serial_shops, nicolae_shop_trees, the_bakery
Temple:   minmay_freezing_vapour_temple

Skill      XL: |  1  2  3  4  5  6  7  8  9 |
---------------+----------------------------+-----
Fighting       | 1 2 3 4 6 |  6.9
Maces & Flails | 1 2 3 5 |  5.7
Dodging        | 3 4 5 7 8 |  8.0
Hexes          | 2 |  2.6
Conjurations   | 5 |  5.3
Invocations    | 1 |  1.3
Stealth        | |  2.6
Spellcasting   | |  2.9

Action                   |  1- 3 |  4- 6 |  7- 9 || total
-------------------------+-------+-------+-------++-------
Melee: Whip              |    29 |   106 |   345 ||   480
       Short sword       |    23 |       |       ||    23
 Cast: Magic Dart        |    23 |     1 |     2 ||    26
       Searing Ray       |       |    11 |     8 ||    19
       Dazzling Spray    |       |     3 |     9 ||    12
Invok: Bend Time         |       |       |     2 ||     2
Evoke: Wand              |       |       |     3 ||     3
  Use: Scroll            |     7 |     2 |    10 ||    19
       Potion            |       |     4 |     4 ||     8
 Stab: Sleeping          |     6 |     5 |       ||    11
       Invisible         |       |       |     6 ||     6
       Paralysed         |       |       |     3 ||     3
  Eat: Chunk             |     3 |    15 |    12 ||    30
Armor: Robe              |    20 |    24 |    69 ||   113
Dodge: Dodged            |    59 |    94 |   362 ||   515

Table legend:
 A = Non-vault XP
 B = Vault XP
 C = Vault XP percentage of total XP
 D = Non-vault monster count
 E = Vault monster count
 F = Vault count percentage of total count
 G = Total turns spent on level
                 A         B        C        D         E       F
            +---------+---------+-------+---------+---------+-------
      Total |    2873 |     445 |  13.4 |     152 |       6 |   3.8
            +---------+---------+-------+---------+---------+-------
        D:1 |      33 |       0 |   0.0 |      21 |       0 |   0.0
        D:2 |      74 |      46 |  38.3 |      13 |       3 |  18.8
        D:3 |     185 |       0 |   0.0 |      31 |       0 |   0.0
        D:4 |      66 |     166 |  71.6 |      12 |       1 |   7.7
        D:5 |     649 |      18 |   2.7 |      15 |       1 |   6.2
        D:6 |     992 |       0 |   0.0 |      36 |       0 |   0.0
        D:7 |     874 |     215 |  19.7 |      24 |       1 |   4.0
            +---------+---------+-------+---------+---------+-------

Vault maps used:
D:1:      eino_arrival_cavern_d
D:2:      grunt_temple_overflow_open, hangedman_feature_mirror,
          minmay_misc_feat_rugged, corexii_shack, uniq_crazy_yiuf_cottage
D:3:      overflow_temple_1_default
D:4:      elyvilon_altar_1, doesnt_xom_only_xom, first_ration, uniq_edmund
D:5:      vehumet_crystals, slow_altar_1, lemuel_crystal_altar,
          minmay_temple_entry_large_hall, serial_glass, glass_columns_b,
          glass_columns_b, glass_columns_a, dk_rats_in_the_wall
D:6:      nicolae_overflow_crystal_walls, minivault_10
D:7:      lemuel_crystal_altar, serial_shops, nicolae_shop_trees, the_bakery
Temple:   minmay_freezing_vapour_temple

Table legend:
 A = Turns spent in this place as a percentage of turns spent in the entire game.
 B = Non-inter-level travel turns spent in this place as a percentage of non-inter-level travel turns spent in the entire game.
 C = Inter-level travel turns spent in this place as a percentage of turns spent in this place.
 D = Turns resting spent in this place as a percentage of non-inter-level travel turns spent in this place.
 E = Turns spent auto-exploring this place as a percentage of non-inter-level travel turns spent in this place.
 F = Non-inter-level travel turns spent in this place divided by the number of levels of this place that you've seen.
                   A       B       C       D       E      F
               +-------+-------+-------+-------+-------+----------------------
         Total | 100.0 | 100.0 |   3.7 |  32.9 |  47.6 | 965.1
       Dungeon |  99.8 |  99.8 |   3.7 |  33.0 |  47.5 | 1100.7
        Temple |   0.2 |   0.2 |  11.1 |   0.0 |  68.8 |  16.0
               +-------+-------+-------+-------+-------+----------------------

Table legend:
 A = Kills in this place as a percentage of kills in entire the game.
 B = Kills by you in this place as a percentage of kills by you in the entire game.
 C = Kills by friends in this place as a percentage of kills by friends in the entire game.
 D = Other kills in this place as a percentage of other kills in the entire game.
 E = Experience gained in this place as a percentage of experience gained in the entire game.
 F = Experience gained in this place divided by the number of levels of this place that you have seen.
                   A       B       C       D       E      F
               +-------+-------+-------+-------+-------+----------------------
         Total | 100.0 | 100.0 |   N/A |   N/A | 100.0 | 414.8
       Dungeon | 100.0 | 100.0 |   N/A |   N/A | 100.0 | 474.0
               +-------+-------+-------+-------+-------+----------------------
